Map: Nightshade LE

Players

liquidthermy (uThermal) - Winner!

  • Race: Terran Terran
  • Spawn Location: 11:00

Vanya

  • Race: Zerg Zerg
  • League: Master
  • Spawn Location: 5:00

VOD

Have the link to the VOD?

Description

Time

  • Played on: Jan. 14, 2020, 12:43 p.m.
  • Length: 11:04
Show
View Real Time Build Order
Export as new Build Order

liquidthermy Terran - Winner!

Build Orders: Liberator Opening, Reaper Expand 

Get SALT Encoding   

  12  0:01  SCV  
  13  0:13  SCV  
  14  0:18  Supply Depot  
  14  0:25  SCV  
  15  0:39  SCV  
  15  0:42  Barracks  
  16  0:43  Refinery  
  16  0:51  SCV  
  17  1:03  SCV  
  18  1:16  SCV  
  19  1:30  Orbital Command, Reaper  
  20  1:40  Command Center  
  20  1:50  Supply Depot  
  20  1:56  SCV  
  21  2:02  Marine  
  22  2:08  SCV  
  22  2:10  Factory  
  23  2:15  Refinery  
  23  2:20  SCV  
  23  2:22  Barracks Reactor  
  24  2:32  SCV  
  25  2:45  SCV  
  26  2:52  Orbital Command  
  26  2:54  Starport  
  26  2:57  SCV  
  27  3:02  Hellion x2  
  31  3:09  SCV  
  31  3:12  Barracks Tech Lab  
  32  3:14  Liberator  
  32  3:18  SCV  
  33  3:21  SCV  
  33  3:23  Hellion x2  
  33  3:25  Supply Depot  
  38  3:32  SCV  
  38  3:33  SCV  
  43  3:44  SCV, Hellion  
  43  3:46  SCV  
  43  3:47  Marine, Hellion  
  50  3:51  Supply Depot  
  50  3:57  SCV  
  50  3:58  SCV  
  52  4:10  Command Center  
  52  4:12  SCV  
  53  4:18  Marine  
  53  4:19  SCV, Stimpack  
  53  4:23  Starport Reactor  
  53  4:24  Factory Tech Lab  
  55  4:33  Barracks  
  55  4:34  SCV, Barracks  
  55  4:36  Marine  
  55  4:37  SCV  
  58  4:46  SCV  
  58  4:50  SCV  
  58  4:53  Refinery, Engineering Bay x2  
  58  4:54  Marine  
  58  4:58  SCV, Siege Tank  
  61  5:01  Supply Depot  
  61  5:02  SCV  
  62  5:17  Starport Reactor  
  62  5:22  Marine x3, SCV x2  
  62  5:23  Orbital Command  
  62  5:24  Terran Infantry Weapons Level 1, Terran Infantry Armor Level 1  
  67  5:29  Marine x2  
  67  5:34  SCV, Barracks  
  67  5:35  Barracks  
  70  5:36  Siege Tank  
  70  5:41  Marine  
  74  5:43  SCV  
  74  5:44  Supply Depot  
  74  5:45  Marine  
  74  5:46  SCV  
  77  5:50  Marine, Refinery, Orbital Command  
  77  5:53  Medivac  
  77  5:55  SCV, Medivac  
  83  5:58  SCV  
  84  6:06  Marine  
  84  6:07  SCV, Combat Shield, Supply Depot  
  84  6:08  Supply Depot  
  84  6:10  SCV  
  87  6:11  Marine x2  
  87  6:16  SCV  
  90  6:19  SCV  
  90  6:22  Barracks Reactor  
  90  6:23  Marine, Supply Depot, Barracks Reactor  
  90  6:24  SCV, Supply Depot  
  93  6:29  Missile Turret  
  93  6:30  SCV  
  93  6:31  Armory  
  94  6:33  SCV, Marine  
  94  6:34  Marine  
  94  6:39  Marine x2  
  99  6:41  SCV, Marine  
  99  6:43  Missile Turret  
  99  6:45  SCV  
  99  6:46  Missile Turret  
  102  6:50  Siege Tank  
  102  6:51  Marine x2  
  102  6:53  SCV  
  108  6:56  Marine  
  108  6:59  SCV, Marine  
  108  7:00  Marine x2  
  113  7:01  Marine  
  113  7:02  Marine, Supply Depot  
  113  7:04  Marine  
  113  7:06  Medivac  
  120  7:12  Bunker  
  120  7:14  Marine  
  120  7:15  Bunker  
  120  7:19  Terran Infantry Weapons Level 2  
  120  7:20  Missile Turret  
  120  7:21  Terran Infantry Armor Level 2  
  110  7:28  Marine x3  
  110  7:29  Marine x5, Supply Depot  
  114  7:32  Marine  
  116  7:40  Medivac  
  116  7:41  Supply Depot  
  120  7:46  Marine x4  
  120  7:47  Marine, Siege Tank  
  126  7:52  Marine, Barracks  
  126  7:54  Medivac, Barracks x2  
  126  7:57  Marine x2  
  131  8:00  Marine  
  131  8:04  Marine, Supply Depot x2  
  133  8:06  Marine  
  133  8:09  Marine x2, Sensor Tower  
  133  8:10  Marine  
  137  8:12  Terran Vehicle Weapons Level 1  
  137  8:14  SCV  
  137  8:16  Marine  
  137  8:17  Marine  
  140  8:21  Supply Depot  
  140  8:22  Marine  
  140  8:23  Supply Depot  
  139  8:28  Medivac  
  139  8:33  SCV x3  
  139  8:38  Medivac  
  139  8:39  Marine  
  137  8:47  Marine x3  
  138  8:49  Marine x4  
  138  8:53  Siege Tank  
  145  8:58  Marine x3, Medivac  
  145  9:00  Marine  
  152  9:05  Marine x2  
  152  9:06  Supply Depot  
  152  9:07  Marine x2  
  152  9:08  Medivac  
  152  9:09  Marine  
  159  9:12  Marine x2  
  159  9:15  Marine  
  159  9:16  Marine x2  
  164  9:19  Supply Depot  
  164  9:22  Marine  
  164  9:23  Marine  
  165  9:25  Marine, Siege Tank  
  165  9:26  Marine  
  165  9:27  Marine x2  
  165  9:28  Medivac  
  174  9:31  Marine  
  174  9:38  Marine  
  172  9:45  Marine x2, Medivac  
  150  9:51  Marine x2  
  144  9:53  Marine  
  144  9:54  Marine  
  144  9:55  Marine x2  
  144  9:57  Siege Tank  
  144  9:59  Marine x4  
  155  10:03  Command Center  
  155  10:05  Marine x2  
  157  10:09  Marine x2  
  157  10:13  Marine x2  
  159  10:14  Marine  
  157  10:21  Marine  
  157  10:25  Marine x3, Medivac  
  157  10:26  Marine  
  152  10:29  Siege Tank  
  152  10:32  Marine x3  
  152  10:33  Marine  
  152  10:34  Marine  
  146  10:40  Marine x2  
  146  10:41  Marine  
  149  10:43  Marine x2, SCV  
Show
View Real Time Build Order
Export as new Build Order

Vanya Zerg 

Build Orders: Hatch First 

Get SALT Encoding   

  12  0:00  Drone  
  13  0:12  Overlord  
  13  0:16  Drone  
  14  0:30  Drone  
  14  0:31  Drone  
  16  0:47  Hatchery  
  15  0:50  Drone  
  15  0:54  Drone  
  17  0:57  Drone  
  18  1:08  Extractor  
  17  1:13  Spawning Pool  
  17  1:15  Drone  
  17  1:20  Drone  
  18  1:27  Drone  
  19  1:39  Drone  
  20  1:50  Drone  
  21  1:59  Queen x2  
  21  2:00  Zergling x4  
  27  2:15  Hatchery  
  26  2:18  Overlord  
  26  2:21  Drone  
  27  2:24  Drone  
  28  2:34  Metabolic Boost  
  28  2:38  Drone x2  
  30  2:44  Queen  
  30  2:47  Overlord  
  30  2:51  Drone  
  32  2:52  Drone  
  32  2:55  Drone  
  32  2:57  Drone  
  35  3:15  Drone x2  
  35  3:16  Drone x2  
  35  3:17  Drone x2  
  41  3:20  Queen  
  41  3:26  Queen  
  45  3:27  Overlord  
  45  3:37  Zergling x2  
  45  3:38  Zergling x6  
  45  3:40  Overlord  
  49  3:48  Drone  
  50  3:49  Drone x4  
  50  3:52  Overlord  
  54  3:59  Zergling x2  
  54  4:00  Zergling x8  
  59  4:05  Queen  
  59  4:09  Drone  
  63  4:10  Drone  
  63  4:12  Overlord  
  63  4:16  Drone, Roach Warren  
  63  4:21  Zergling x6  
  66  4:26  Lair  
  66  4:33  Drone  
  66  4:34  Spore Crawler  
  65  4:39  Drone  
  65  4:40  Drone  
  65  4:41  Drone  
  65  4:44  Drone x4  
  70  4:47  Extractor  
  70  4:48  Extractor  
  70  4:51  Overlord  
  70  4:52  Drone x4  
  70  4:57  Drone  
  68  5:02  Drone x4  
  72  5:09  Drone  
  72  5:13  Drone  
  70  5:15  Drone  
  70  5:16  Drone x4  
  70  5:20  Extractor  
  74  5:22  Drone x3  
  74  5:23  Extractor  
  74  5:24  Drone  
  74  5:25  Drone  
  74  5:27  Drone  
  79  5:32  Glial Reconstitution  
  79  5:36  Drone, Evolution Chamber x2  
  78  5:45  Extractor  
  78  5:48  Drone x5  
  82  5:58  Overseer  
  82  5:59  Overlord  
  82  6:03  Zerg Ground Armor Level 1, Zerg Missile Weapons Level 1  
  82  6:08  Hatchery  
  82  6:10  Drone  
  82  6:15  Overlord  
  82  6:18  Drone x3, Overlord  
  85  6:19  Roach x2  
  89  6:27  Overlord  
  89  6:30  Overlord  
  89  6:34  Overlord x2  
  89  6:35  Roach x4  
  89  6:37  Overlord  
  89  6:38  Roach x2  
  101  6:42  Overlord  
  101  6:47  Roach x3  
  107  6:50  Overlord  
  107  6:55  Roach  
  107  6:59  Roach  
  107  7:00  Roach x5  
  121  7:07  Drone x2  
  121  7:08  Drone  
  121  7:11  Roach  
  121  7:12  Roach x3  
  127  7:16  Hatchery  
  127  7:18  Roach  
  127  7:22  Roach x2  
  129  7:27  Drone  
  129  7:28  Drone x3  
  129  7:29  Drone x2  
  133  7:31  Roach x3  
  133  7:34  Ravager x5  
  133  7:35  Ravager  
  145  7:38  Ravager  
  145  7:40  Overseer  
  145  7:42  Roach x3  
  152  7:49  Roach x3  
  158  7:55  Overlord  
  158  7:56  Roach x2  
  162  7:59  Overlord x2  
  162  8:03  Overlord  
  162  8:11  Overlord  
  162  8:14  Roach x4  
  170  8:21  Roach, Baneling Nest  
  170  8:22  Roach x2  
  170  8:26  Roach x6  
  187  8:32  Zerg Melee Weapons Level 1  
  187  8:34  Zerg Ground Armor Level 2  
  186  8:41  Zergling x10  
  183  8:52  Drone x6  
  183  8:53  Drone x4  
  193  8:57  Ravager x3  
  193  9:00  Drone  
  197  9:06  Overlord  
  197  9:10  Ravager  
  197  9:11  Ravager  
  197  9:13  Infestation Pit  
  198  9:18  Overlord  
  198  9:28  Centrifical Hooks  
  198  9:29  Hatchery  
  198  9:30  Zergling x4  
  187  9:45  Zergling x34  
  156  9:48  Zergling x2  
  156  9:49  Zergling x2  
  156  9:50  Zergling x4  
  156  9:51  Queen  
  156  9:56  Zergling x8  
  156  9:58  Zergling x4  
  156  9:59  Ravager x2  
  168  10:00  Zergling x2, Ravager x4  
  168  10:01  Zergling x6  
  172  10:09  Zergling x4  
  172  10:10  Zergling x2  
  173  10:16  Zergling x2  
  173  10:20  Zergling x8  
  163  10:22  Roach x3  
  144  10:28  Roach x4  
  144  10:34  Baneling x6  
  144  10:35  Roach x2  
  129  10:37  Ravager x3  
  129  10:38  Zergling x2  
  129  10:40  Zergling x8  
  133  10:45  Baneling x4  
Tags
 
Add a new tag
Caveats
  • Supply blocks, unpowered buildings, or Contaminate may cause inaccurate times.
  • Supply counts are checked every 10 seconds.